 Dungeon Sprint DCSS version 0.25-a0-413-g3b4b6a4ccc (webtiles) character file.

Game seed: 3643599083708143416, levelgen mode: deterministic

15568 wilfster70 the Fencer (level 12, -1/159 HPs)
             Began as a Demonspawn Berserker on Jan 15, 2020.
             Was a High Priest of Trog.
             Slain by a lorocyproca (10 damage)
             ... in the Dungeon (Sprint I: "Red Sonja").
             The game lasted 00:11:50 (2484 turns).

wilfster70 the Fencer (Demonspawn Berserker)        Turns: 2484, Time: 00:11:50

Health: -1/159     AC: 28    Str: 23    XL:     12   Next: 2%
Magic:  0/17       EV: 16    Int: 10    God:    Trog [*****.]
Gold:   2287       SH:  0    Dex: 12    Spells: 11/11 levels left

rFire    . . .     SeeInvis .   b - +9 triple sword of Mastery {flame, rC+ Stlth+}
rCold    + . .     Gourm    .   (shield currently unavailable)
rNeg     + + .     Faith    .   m - +8 plate armour {ponderous}
rPois    .         Spirit   .   o - +0 helmet of Duck's Teeth {rN+ MR++ Str-4}
rElec    .         Reflect  .   p - +2 cloak {MR+}
rCorr    +         Harm     .   (no gloves)
MR       +++..     NoTele   +   (no boots)
Stlth    ..........             e - amulet "Lesmemes" {+Rage rN+}
HPRegen  0.36/turn              l - ring of resist corrosion
MPRegen  0.15/turn              (no ring)

@: berserking, starving, repel missiles, very quick
A: talons 1, repulsion field 3, nightstalker 1, powered by death 1
a: Berserk, Trog's Hand, Brothers in Arms, Renounce Religion, Evoke Berserk Rage


You were in the Dungeon.
You worshipped Trog.
Trog was extremely pleased with you.
You were starving.

You visited 1 branch You collected 3167 gold pieces.
You spent 880 gold pieces at shops.

Inventory:

Hand Weapons
 a - a +0 falchion
 b - the +9 triple sword of Mastery (weapon) {flame, rC+ Stlth+}
   (Trog gifted it to you in the Dungeon)

   It has been specially enchanted to burn those struck by it, causing extra
   injury to most foes and up to half again as much damage against particularly
   susceptible opponents.
   Big, fiery blades are also staple armaments of hydra-hunters.
   It protects you from cold.
   It makes you more stealthy.
 j - a +3 great sword
 s - the +6 fustibalus "Killer Bee's Peril" {flame, MP+9}
   (You found it in the Dungeon)

   It causes projectiles fired from it to burn those they strike, causing extra
   injury to most foes and up to half again as much damage against particularly
   susceptible opponents.
   It affects your magic capacity (+9).
Armour
 m - a +8 plate armour of ponderousness (worn)
 o - the +0 helmet of Duck's Teeth (worn) {rN+ MR++ Str-4}
   (You bought it in a shop in the Dungeon)

   It affects your strength (-4).
   It protects you from negative energy.
   It affects your resistance to hostile enchantments.
 p - a +2 cloak of magic resistance (worn)
Jewellery
 e - the amulet "Lesmemes" (around neck) {+Rage rN+}
   (You found it in the Dungeon)

   [amulet of rage]

   It protects you from negative energy.
   It lets you go berserk.
 l - a ring of resist corrosion (left hand)
Wands
 c - a wand of iceblast (8)
Scrolls
 i - a scroll of blinking
 r - a scroll of remove curse
Potions
 d - 5 potions of curing
 f - a potion of haste
 g - 2 potions of magic
 h - a potion of berserk rage
Comestibles
 q - 5 rations


   Skills:
 + Level 13.9 Fighting
 * Level 17.2 Long Blades
 + Level 12.8 Armour
 - Level 11.0 Dodging
 + Level 7.7 Evocations


You had 11 spell levels left.
You didn't know any spells.
Your spell library contained the following spells:

 Spells                   Type           Power        Failure   Level  Hunger
 Animate Skeleton         Necr           N/A          98%         1    ##.....
 Ice Form                 Ice/Tmut       #.......     100%        4    #####..
 Death Channel            Necr           #.........   100%        6    #######


Dungeon Overview and Level Annotations

Branches:
Dungeon (1/1)

Altars:
Cheibriados
Dithmenos
Elyvilon
Fedhas
Gozag
Hepliaklqana
Kikubaaqudgha
Makhleb
Nemelex Xobeh
Okawaru
Qazlal
Ru
Sif Muna
Trog
Uskayaw
Vehumet
Wu Jian
Xom
Yredelemnul
Zin
The Shining One
Jiyva
Lugonu

Shops:
D :=[[=:*:}:%(}?%[%


Innate Abilities, Weirdness & Mutations

You have sharp toenails.
You are surrounded by a strong repulsion field. (EV +4, RMsl)
You are slightly more attuned to the shadows.
You regenerate a little health from kills.


Message History

You see here a hand axe.
You start resting.
Something hits you but does no damage.
You start resting.
Something hits you!!
* * * LOW HITPOINT WARNING * * *
You feel your power leaking away.
You barely miss something. Something hits you.
* * * LOW HITPOINT WARNING * * *
You barely miss something. Something hits you but does no damage.
You feel better. Something hits you!!
* * * LOW HITPOINT WARNING * * *
A red film seems to cover your vision as you go berserk!
You feel yourself moving faster!
You feel mighty!
You are starving!
Something hits you.
* * * LOW HITPOINT WARNING * * *
You barely miss something. You claw something.
Something hits you but does no damage.
You chop something into pieces!!! You burn something! You claw something.
Something hits you!
You die...

#################################
#__#..))..#..#.)§.§§§§§.)').#^^'§
'^.'..#)..##'#§####.§§.§##..'^^#.
#__####...'.§#§#@###.§§#######'#.
####§§#####.§§§#'#$###+# #).#.
#≈≈§§§#..##'####^.$#y# #..##
§§§≈§§§.§#.^...#..$### #..≈#
#§§≈§)#.§#..°°.'..$$$# #..≈.
##§#####'###°°^#^....# #.)≈.
#(.).###.'.#○○^###++## #..≈#
##'###[###.#^°## #..≈#
.[...[.∩##†#^.# ≈..##


There were no monsters in sight!

Vanquished Creatures
  A golden dragon (D)
  A shadow dragon (D)
  A hydra (D)
  2 centaur warriors (D)
  Sonja (D)
  A deep troll (D)
  A lindwurm (D)
  An oklob plant (D)
  2 merfolk sirens (D)
  A gargoyle (D)
  2 kobold demonologists (D)
  4 demonic crawlers (D)
  A hellwing (D)
  4 hornets (D)
  A slime creature (D)
  Sigmund (D)
  2 redbacks (D)
  A yak (D)
  13 hogs (D)
  3 floating eyes (D)
  7 necrophages (D)
  An ogre (D)
  8 jellies (D)
  Ijyb (D)
61 creatures vanquished.

Vanquished Creatures (collateral kills)
  A hornet (D)
1 creature vanquished.

Vanquished Creatures (others)
  A deep elf annihilator (D)
  A gargoyle (D)
  2 ballistomycete spores (D)
4 creatures vanquished.

Grand Total: 66 creatures vanquished

Notes
Turn   | Place    | Note
-------+----------+-------------------------------------------
     0 | D        | wilfster70 the Demonspawn Berserker began the quest for the
                  | Orb.
     0 | D        | Reached XP level 1. HP: 18/18 MP: 1/1
     1 | D        | Noticed Ijyb
    13 | D        | Killed Ijyb
    13 | D        | Reached skill level 4 in Long Blades
    13 | D        | Gained mutation: You have sharp toenails. [demonic
                  | ancestry]
    13 | D        | Reached XP level 2. HP: 25/25 MP: 2/2
   104 | D        | Noticed an ogre
   109 | D        | Killed an ogre
   109 | D        | Reached skill level 5 in Fighting
   109 | D        | Reached skill level 5 in Long Blades
   109 | D        | Reached XP level 3. HP: 33/33 MP: 3/3
   109 | D        | Gained mutation: You are surrounded by a mild repulsion
                  | field. (EV +2) [demonic ancestry]
   109 | D        | Reached XP level 4. HP: 39/39 MP: 4/4
   148 | D        | Noticed Sigmund
   152 | D        | Killed Sigmund
   152 | D        | Reached ** piety under Trog
   152 | D        | Reached skill level 7 in Long Blades
   152 | D        | Reached skill level 5 in Armour
   152 | D        | Reached skill level 5 in Dodging
   152 | D        | Reached XP level 5. HP: 46/46 MP: 5/5
   152 | D        | Gained mutation: You regenerate a little health from kills.
                  | [demonic ancestry]
   152 | D        | Reached XP level 6. HP: 52/52 MP: 6/6
   201 | D        | Found a shimmering blue altar of Sif Muna.
   202 | D        | Found an ornate altar of the Wu Jian Council.
   203 | D        | Found a radiant altar of Vehumet.
   206 | D        | Reached skill level 8 in Long Blades
   252 | D        | Found Ugecenur's Jewellery Emporium.
   252 | D        | Found an ancient bone altar of Kikubaaqudgha.
   252 | D        | Found a hazy altar of Hepliaklqana.
   252 | D        | Found a stormy altar of Qazlal.
   252 | D        | Found a hide-covered altar of Uskayaw.
   252 | D        | Found a blossoming altar of Fedhas.
   252 | D        | Found a bloodstained altar of Trog.
   252 | D        | Found an iron altar of Okawaru.
   252 | D        | Found a basalt altar of Yredelemnul.
   252 | D        | Found a glowing golden altar of the Shining One.
   252 | D        | Found a snail-covered altar of Cheibriados.
   252 | D        | Found a sacrificial altar of Ru.
   252 | D        | Found a glowing silver altar of Zin.
   252 | D        | Found a shadowy altar of Dithmenos.
   252 | D        | Found a white marble altar of Elyvilon.
   252 | D        | Noticed a yak
   256 | D        | Killed a yak
   257 | D        | Found an opulent altar of Gozag.
   276 | D        | Found a sparkling altar of Nemelex Xobeh.
   287 | D        | Noticed Sonja
   296 | D        | Killed Sonja
   296 | D        | Reached *** piety under Trog
   296 | D        | Reached skill level 10 in Long Blades
   296 | D        | Gained mutation: You are surrounded by a moderate repulsion
                  | field. (EV +3) [demonic ancestry]
   296 | D        | Reached XP level 7. HP: 38/63 MP: 7/7
   296 | D        | Gained mutation: You are surrounded by a strong repulsion
                  | field. (EV +4, RMsl) [demonic ancestry]
   296 | D        | Reached XP level 8. HP: 41/69 MP: 8/8
   480 | D        | Found Futom's Book Boutique.
   531 | D        | Noticed a deep troll
   538 | D        | Killed a deep troll
   538 | D        | Reached skill level 11 in Long Blades
   596 | D        | Found Paiz's Armour Emporium.
   601 | D        | Bought a +8 plate armour of ponderousness for 400 gold
                  | pieces
   626 | D        | Noticed a centaur warrior
   626 | D        | Noticed a centaur warrior
   641 | D        | Killed a centaur warrior
   641 | D        | Reached skill level 12 in Long Blades
   641 | D        | Reached XP level 9. HP: 33/78 MP: 9/9
   658 | D        | Killed a centaur warrior
   658 | D        | Reached **** piety under Trog
   658 | D        | Reached skill level 10 in Fighting
   947 | D        | Noticed an oklob plant
   984 | D        | Killed an oklob plant
   984 | D        | Reached skill level 13 in Long Blades
  1132 | D        | Reached ***** piety under Trog
  1132 | D        | Received a gift from Trog
  1187 | D        | Received a gift from Trog
  1187 | D        | Reached XP level 10. HP: 83/86 MP: 10/10
  1204 | D        | Found Ocofiuq's Magic Scroll Boutique.
  1204 | D        | Found Vupoul's Food Emporium.
  1204 | D        | Found Guqufeh's Food Emporium.
  1209 | D        | Reached skill level 10 in Armour
  1209 | D        | Reached skill level 10 in Dodging
  1214 | D        | Received a gift from Trog
  1224 | D        | Got a pitted triple sword {god gift}
  1225 | D        | Identified the +9 triple sword of Mastery {flame, rC+
                  | Stlth+} (Trog gifted it to you in the Dungeon)
  1226 | D        | Found Side's Gadget Boutique.
  1226 | D        | Found Nidou's Antique Weapon Shoppe.
  1226 | D        | Found Imysm's Food Shop.
  1226 | D        | Found Damae's Book Emporium.
  1226 | D        | Found Ixta's Gadget Boutique.
  1226 | D        | Found Podiv's Book Shoppe.
  1226 | D        | Found Medghatye's General Store.
  1230 | D        | Found Baogutogua's Book Emporium.
  1231 | D        | Found Ejops's Jewellery Boutique.
  1231 | D        | Found Halir's Antique Armour Shoppe.
  1234 | D        | Found Ziobry's Antique Armour Shop.
  1244 | D        | Bought a steaming helmet for 190 gold pieces
  1249 | D        | Identified the cursed +0 helmet of Duck's Teeth {rN+ MR++
                  | Str-4} (You bought it in a shop in the Dungeon)
  1249 | D        | Bought an embroidered cloak for 150 gold pieces
  1266 | D        | Bought a ration for 70 gold pieces
  1266 | D        | Bought a ration for 70 gold pieces
  1290 | D        | Got a pitted fustibalus
  1291 | D        | Identified the +6 fustibalus "Killer Bee's Peril" {flame,
                  | MP+9} (You found it in the Dungeon)
  1328 | D        | Found a viscous altar of Jiyva.
  1328 | D        | Found a corrupted altar of Lugonu.
  1329 | D        | Found a burning altar of Makhleb.
  1329 | D        | Found a shimmering altar of Xom.
  1334 | D        | Reached skill level 14 in Long Blades
  1398 | D        | Received a gift from Trog
  1403 | D        | Noticed a sixfirhy
  1426 | D        | Received a gift from Trog
  1616 | D        | Noticed a lindwurm
  1617 | D        | Killed a lindwurm
  1634 | D        | Reached skill level 1 in Evocations
  1636 | D        | Received a gift from Trog
  1636 | D        | Reached skill level 15 in Long Blades
  1645 | D        | Reached XP level 11. HP: 90/96 MP: 12/12
  1653 | D        | Received a gift from Trog
  1778 | D        | Noticed a 12-headed hydra
  1781 | D        | Killed a ten-headed hydra
  1781 | D        | Paralysed by a floating eye for 3 turns
  1799 | D        | Noticed a deep elf annihilator
  1817 | D        | Received a gift from Trog
  1835 | D        | Reached ****** piety under Trog
  1860 | D        | Noticed a mummy priest
  1863 | D        | Paralysed by a hornet for 3 turns
  1867 | D        | Reached skill level 5 in Evocations
  1868 | D        | Received a gift from Trog
  1868 | D        | Reached skill level 16 in Long Blades
  1893 | D        | Killed a deep elf annihilator
  2097 | D        | Noticed a shadow dragon
  2097 | D        | Noticed a golden dragon
  2110 | D        | Killed a golden dragon
  2117 | D        | Killed a shadow dragon
  2117 | D        | Reached skill level 17 in Long Blades
  2122 | D        | Identified the Volume of Darkness and the Glacier
  2124 | D        | Got a steaming pewter amulet
  2318 | D        | Identified the amulet "Lesmemes" {+Rage rN+} (You found it
                  | in the Dungeon)
  2391 | D        | Gained mutation: You are slightly more attuned to the
                  | shadows. [demonic ancestry]
  2391 | D        | Reached XP level 12. HP: 86/106 MP: 17/17
  2484 | D        | Slain by a lorocyproca

Levels and vault maps discovered:
D:        dungeon_sprint_1 [red_sonja_temple_1, red_sonja_temple_small_1]

Skill      XL: |  1  2  3  4  5  6  7  8  9 10 11 |
---------------+----------------------------------+-----
Long Blades    | 4 5 7 10 12 13 15 17 | 17.2
Armour         | 2 4 5 7 8 9 11 12 | 12.8
Dodging        | 2 4 5 7 8 9 11 | 11.0
Fighting       | 5 6 8 9 10 12 13 | 13.9
Evocations     | 2 7 |  7.7

Action                   |  1- 3 |  4- 6 |  7- 9 | 10-12 || total
-------------------------+-------+-------+-------+-------++-------
Melee: Falchion          |    14 |    15 |    99 |       ||   128
       Kick              |     2 |     7 |    49 |    41 ||    99
       Great sword       |       |       |    10 |    20 ||    30
       Triple sword      |       |       |       |    89 ||    89
Invok: Berserk           |     2 |     3 |     2 |     3 ||    10
       Brothers in Arms  |       |       |       |     1 ||     1
  Use: Scroll            |       |       |       |     3 ||     3
       Potion            |       |       |       |     2 ||     2
  Eat: Ration            |       |     1 |     1 |     1 ||     3
       Chunk             |       |       |     2 |     1 ||     3
Armor: Animal skin       |     1 |       |       |       ||     1
       Leather armour    |       |     1 |       |       ||     1
       Plate armour      |       |       |    39 |   152 ||   191
Dodge: Dodged            |     8 |    12 |    33 |   110 ||   163
       Deflected         |       |       |     2 |     1 ||     3
       Rpst.: Falchion   |     3 |     3 |     7 |       ||    13
       Great sword       |       |       |     1 |     8 ||     9
       Triple sword      |       |       |       |    19 ||    19

Table legend:
 A = Non-vault XP
 B = Vault XP
 C = Vault XP percentage of total XP
 D = Non-vault monster count
 E = Vault monster count
 F = Vault count percentage of total count
                 A         B        C        D         E       F
            +---------+---------+-------+---------+---------+-------
      Total |       0 |   22240 | 100.0 |       0 |      63 | 100.0
            +---------+---------+-------+---------+---------+-------
          D |       0 |   22240 | 100.0 |       0 |      63 | 100.0
            +---------+---------+-------+---------+---------+-------
